 Dungeon Crawl Stone Soup version 0.30-a0-862-g1aabd4f9c5 (webtiles) character file.

Game seed: 10845156527376716008

354689 cforsyth the Metallomancer (level 21, -4/131 HPs)
             Began as a Deep Elf Earth Elementalist on Mar 9, 2023.
             Was the Champion of Vehumet.
             Killed from afar by a deep elf zephyrmancer (14 damage)
             ... with a bolt of lightning
             ... on level 1 of the Elven Halls on Mar 10, 2023.
             The game lasted 02:38:41 (63273 turns).

cforsyth the Metallomancer (DEEE)                  Turns: 63273, Time: 02:38:42

Health: -4/131     AC: 22    Str:  5    XL:     21   Next: 36%
Magic:  25/49      EV: 20    Int: 38    God:    Vehumet [******]
Gold:   3194       SH: 14    Dex: 20    Spells: 2/64 levels left

rFire   + + .      SeeInvis .    O - +1 dagger of Axzoril {drain, Int+3 Dex+5}
rCold   + + .      Faith    .    V - +2 shield of Resistance {rF++ rC++ Will++}
rNeg    . . .      Spirit   .    p - +2 troll leather armour {Snorg}
rPois   +          Reflect  .    e - +2 helmet {Int+3}
rElec   .          Rampage  .    R - +2 cloak {rCorr}
rCorr   +                        W - +2 pair of gloves {infuse}
Will    ++++.                    L - +2 pair of boots "Lorpheaf" {rPois Slay+3}
Stlth   +++                      N - amulet of magic regeneration
HPRegen 1.21/turn                E - ring of wizardry
MPRegen 0.71/turn                Y - ring of the Writhing Gods {AC+4 Stlth+}

@: studying Dodging
A: no striking features
}: 2/15 runes: decaying, serpentine
a: Renounce Religion


You were on level 1 of the Elven Halls.
You worshipped Vehumet.
Vehumet was exalted by your worship.
You visited 8 branches of the dungeon, and saw 38 of its levels.
You also visited: Ice Cave and Volcano.

You collected 5721 gold pieces.
You spent 2527 gold pieces at shops.

Inventory:

Hand Weapons
 O - the +1 dagger of Axzoril (weapon) {drain, Int+3 Dex+5}
   (You bought it in a shop on level 2 of the Orcish Mines)

   Int:       It affects your intelligence (+3).
   Dex:       It affects your dexterity (+5).
Armour
 e - a +2 helmet of intelligence (worn)
 m - the +18 shield of the Gong {Loud rN+ Will+ rCorr EV-5}
   (You found it on level 3 of the Vaults)

   Loud:      It is deafeningly noisy when blocking attacks.
   EV:        It affects your evasion (-5).
   rN:        It protects you from negative energy.
   rCorr:     It protects you from acid and corrosion.
   Will:      It increases your willpower.
 p - a +2 troll leather armour (worn) {Snorg}
 B - a +2 cloak of willpower
 L - the +2 pair of boots "Lorpheaf" (worn) {rPois Slay+3}
   (You found it on level 3 of the Lair of Beasts)

   Slay:      It affects your accuracy & damage with ranged weapons and melee
   (+3).
   rPois:     It protects you from poison.
 R - a +2 cloak of preservation (worn)
 V - the +2 shield of Resistance (worn) {rF++ rC++ Will++}
   (You found it on level 13 of the Dungeon)

   rF:        It greatly protects you from fire.
   rC:        It greatly protects you from cold.
   Will:      It greatly increases your willpower.
 W - a +2 pair of gloves of infusion (worn)
Jewellery
 z - a ring of protection from cold
 D - a ring of wizardry
 E - a ring of wizardry (left hand)
 H - a ring of resist corrosion
 I - a ring of see invisible
 N - an amulet of magic regeneration (around neck)
 Y - the ring of the Writhing Gods (right hand) {AC+4 Stlth+}
   (You found it on level 3 of the Lair of Beasts)

   [ring of protection]

   AC:        It affects your AC (+4).
   Stlth:     It makes you more stealthy.
 Z - a ring of positive energy
Wands
 a - a wand of paralysis (46)
 t - a wand of polymorph (2)
 C - a wand of acid (25)
 G - a wand of digging (18)
 J - a wand of flame (49)
 Q - a wand of roots (7)
Scrolls
 b - 6 scrolls of magic mapping
 h - 7 scrolls of vulnerability
 i - 6 scrolls of fear
 k - 4 scrolls of torment
 o - 5 scrolls of immolation
 q - 4 scrolls of butterflies
 w - 5 scrolls of amnesia
 x - 9 scrolls of teleportation
 y - 4 scrolls of blinking
 A - 4 scrolls of poison
 F - 9 scrolls of fog
 S - a scroll of enchant weapon
 T - a scroll of silence
 U - 3 scrolls of enchant armour
Potions
 c - 4 potions of ambrosia
 d - 11 potions of curing
 f - 6 potions of brilliance
 g - 6 potions of heal wounds
 j - 2 potions of resistance
 l - 3 potions of invisibility
 n - 6 potions of lignification
 r - 3 potions of flight
 s - 6 potions of haste
 u - 8 potions of mutation
 v - 2 potions of cancellation
 K - 5 potions of attraction
 M - 3 potions of magic
 P - 2 potions of berserk rage


   Skills:
 - Level 13.6 Fighting
 - Level 15.0 Dodging
 - Level 2.4 Stealth
 - Level 10.0 Shields
 - Level 22.0 Spellcasting
 - Level 17.5 Conjurations
 - Level 12.0 Summonings
 - Level 1.1 Transmutations
 + Level 22.4 Earth Magic


You had 2 spell levels left.
You knew the following spells:

 Your Spells              Type           Power      Damage    Failure   Level
a - Sandblast             Erth           100%       2d20      0%          1
b - Stone Arrow           Conj/Erth      100%       3d13      0%          3
c - Iron Shot             Conj/Erth      57%        9d11      1%          6
d - Mephitic Cloud        Conj/Pois/Air  72%        N/A       1%          3
e - Yara's Violent Unrav  Hex/Tmut       22%        3d10      5%          5
f - Tukima's Dance        Hex            41%        N/A       2%          3
g - Spellforged Servitor  Conj/Summ      50%        N/A       1%          7
h - Fireball              Conj/Fire      41%        3d17      1%          5
i - Blink                 Tloc           82%        N/A       1%          2
j - Irradiate             Conj/Tmut      42%        3d25      1%          5
k - Lehudib's Crystal Sp  Conj/Erth      57%        10d13     1%          8
l - Shatter               Erth           59%        3d44*     2%          9
m - Iskenderun's Battles  Conj           100%       2d15      1%          5

Your spell library contained the following spells:

 Spells                   Type           Power      Damage    Failure   Level
 Chain Lightning          Conj/Air       41%        3d55      98%         9
 Freeze                   Ice            100%       1d10      1%          1
 Shock                    Conj/Air       100%       1d9       1%          1
 Slow                     Hex            100%       N/A       1%          1
 Ensorcelled Hibernation  Hex/Ice        82%        N/A       1%          2
 Lesser Beckoning         Tloc           82%        N/A       1%          2
 Momentum Strike          Conj/Tloc      100%       3d10      1%          2
 Passwall                 Tmut/Erth      76%        N/A       1%          2
 Animate Armour           Summ/Erth      100%       N/A       0%          4
 Call Canine Familiar     Summ           93%        N/A       1%          3
 Frozen Ramparts          Ice            82%        1d13      1%          3
 Hailstorm                Conj/Ice       83%        3d17      1%          3
 Inner Flame              Hex/Fire       41%        N/A       1%          3
 Petrify                  Tmut/Erth      92%        N/A       1%          4
 Summon Ice Beast         Ice/Summ       72%        N/A       1%          4
 Freezing Cloud           Conj/Ice/Air   36%        6-21      1%          5
 Summon Mana Viper        Hex/Summ       72%        N/A       1%          5
 Conjure Ball Lightning   Conj/Air       41%        3x3d13    1%          6
 Statue Form              Tmut/Erth      61%        N/A       1%          6
 Orb of Destruction       Conj           54%        9d14      1%          7
 Confusing Touch          Hex            41%        N/A       2%          3
 Spider Form              Tmut/Pois      45%        N/A       2%          3
 Swiftness                Air            41%        N/A       2%          3
 Vampiric Draining        Necr           41%        2d8       2%          3
 Airstrike                Air            20%        2d(3-19)  2%          4
 Olgreb's Toxic Radiance  Pois           41%        N/A       2%          4
 Monstrous Menagerie      Summ           46%        N/A       5%          7
 Anguish                  Hex/Necr       20%        N/A       9%          4
 Cause Fear               Hex            20%        N/A       9%          4
 Passage of Golubria      Tloc           41%        N/A       9%          4
 Blade Hands              Tmut           25%        N/A       16%         5
 Metabolic Englaciation   Hex/Ice        20%        N/A       24%         5
 Summon Horrible Things   Summ           46%        N/A       38%         8
 Malign Gateway           Summ/Tloc      36%        N/A       50%         7
 Simulacrum               Ice/Necr       20%        N/A       75%         6
 Ozocubu's Refrigeration  Ice            20%        4d12      80%         7
 Discord                  Hex            20%        N/A       100%        8
 Ignition                 Fire           20%        3d7       100%        8
 Polar Vortex             Ice            20%        N/A       100%        9


Dungeon Overview and Level Annotations

Branches:
Dungeon (15/15)            Temple (1/1) D:5            Lair (5/5) D:9
  Swamp (4/4) Lair:2        Snake (4/4) Lair:2        Slime (0/5) Lair:4
    Orc (2/2) D:9             Elf (3/3) Orc:2        Vaults (4/5) D:14
  Crypt (0/3) Vaults:3     Depths (0/4) D:15          IceCv (visited)
Volcano (visited)

Altars:
Ashenzari
Cheibriados
Elyvilon
Gozag
Hepliaklqana
Kikubaaqudgha
Nemelex Xobeh
Okawaru
Qazlal
Ru
Sif Muna
Trog
Uskayaw
Vehumet
Wu Jian
Yredelemnul
Zin
Jiyva

Shops:
Orc:2 *[!   Snake:2 *   Snake:3 *=!?   Vaults:2 [

Portals:
Trove: D:12 (give +6 demon blade)

Annotations:
Vaults:3 1 runed translucent door, Pileu's ghost, adept DsFE


Message History

Casting: Iron Shot (safe; 1% risk of failure)
Confirm with . or Enter, or press ? or * to list all spells.
Aiming: Iron Shot (safe; 1% risk of failure)
Press: ? - help, Shift-Dir - straight line, f/p - deep elf zephyrmancer
Aim: a deep elf zephyrmancer, wielding a +0 dagger and wearing a +0 leather armour (almost dead, 71% to hit)
The iron shot misses the deep elf zephyrmancer.
The deep elf zephyrmancer gestures at you while chanting.
The bolt of lightning misses you. x2
A deep elf zephyrmancer is nearby!
Casting: Iron Shot (safe; 1% risk of failure)
Confirm with . or Enter, or press ? or * to list all spells.
You summon a servant imbued with your destructive magic!
The deep elf zephyrmancer gestures at you while chanting.
The bolt of lightning hits you!!! The bolt of lightning hits you!!
A deep elf zephyrmancer opens the gate.
A deep elf zephyrmancer comes into view.
It is wielding a +0 rapier.
The deep elf zephyrmancer points at you and mumbles some strange words.
The bolt of lightning hits you!!
* * * LOW HITPOINT WARNING * * *
The bolt of lightning misses you.
A deep elf zephyrmancer comes into view.
It is wielding a +0 long sword.
The deep elf zephyrmancer casts a spell.
The deep elf zephyrmancer blinks!
A deep elf archer comes into view. It is wielding a +0 short sword.
The deep elf archer shouts!
Found four items.
A deep elf high priest comes into view. It is wielding a +0 short sword.
Casting: Spellforged Servitor (dangerous; 1% risk of failure)
Confirm with . or Enter, or press ? or * to list all spells.
You conjure a globe of magical energy.
The deep elf zephyrmancer misses you.
The deep elf zephyrmancer attacks as you move away!
The deep elf zephyrmancer misses you.
There is an open door here.
The deep elf zephyrmancer attacks as you move away!
You block the deep elf zephyrmancer's attack.
The deep elf zephyrmancer casts a spell at you.
The bolt of lightning hits your battlesphere.
Your battlesphere completely resists.
The bolt of lightning hits you!
You die...

#.........#
#.........#
####........#
♣[.###...#### ≈ #...
#...# ○## #.. #...#
#.# ##!.#.e###'## #.#
#...ee..##.# #.#
|...ee.e*@.# #.#
#?..'9..##.# #.#
##?.#(.###.# #.# ○#
#.. #†# #.# #... #.#
#)# ♣).####.# #'##
####.##'## ...##
##'...##
....###########.....#


You could see a deep elf archer (repels missiles), a deep elf high priest, 4
deep elf zephyrmancers, a friendly spellforged servitor (summoned) and a
friendly battlesphere.

Vanquished Creatures
  Vashnia (Snake:2)
  Nikola (Snake:4)
  A golden dragon (Vaults:2)
  2 sphinxes
  A tengu reaver (Vaults:2)
  Frances (Swamp:1)
  Kirke (Snake:3)
  The ghost of elongatedgoose the Warrior, a journeyman MiFi of Jiyva (Swamp:1)
  3 nagarajas (Snake:4)
  3 vault wardens
  An orc warlord (Vaults:1)
  A war gargoyle (Vaults:2)
  12 ironbound preservers
  2 very ugly things (Vaults:2)
  4 ironbound thunderhulks
  3 eleionomae
  7 dire elephants
  Snorg (Lair:5)
  2 blizzard demons (IceCv)
  2 deep elf death magi
  A crystal guardian (Vaults:4)
  3 fire dragons
  The ghost of luigi the Destroyer, a journeyman DsEE of Vehumet (Lair:1)
  A shambling mangrove (Swamp:4)
  A rakshasa (D:15)
  2 entropy weavers
  3 great orbs of eyes
  The ghost of drewk1942 the Severer, a journeyman MiFi of Wu Jian (D:10)
  14 hydras
  2 ogre magi
  An ice dragon (D:13)
  A caustic shrike simulacrum (IceCv)
  6 yaktaur captains
  6 vault guards
  6 catoblepae
  7 anacondas
  A peacekeeper (Vaults:4)
  6 ironbound frosthearts
  A salamander tyrant (Snake:3)
  Erica (D:11)
  5 boulder beetles
  2 death knights (Vaults:3)
  10 two-headed ogres
  6 naga warriors
  18 death yaks
  14 centaur warriors
  2 alligators (Swamp:1)
  12 dancing weapons
  7 naga sharpshooters
  3 shock serpents
  10 deep elf knights
  3 skysharks
  Nergalle (D:10)
  2 goliath frogs
  4 skeletal warriors (D:12)
  2 fire crabs
  A salamander mystic (Snake:4)
  A death drake (Swamp:2)
  23 deep trolls
  3 sea snakes (Snake:3)
  An obsidian statue (IceCv)
  5 spriggan druids
  4 deep elf archers (Elf:2)
  7 wizards
  A sea snake (shapeshifter) (Elf:1)
  4 naga ritualists
  3 swamp dragons (Swamp:4)
  2 bog bodies
  6 lindwurms
  4 spriggan simulacra (IceCv)
  8 deep elf zephyrmancers
  5 ironbound convokers
  7 orc knights
  10 ugly things
  9 salamanders
  13 deep elf pyromancers
  3 mana vipers
  6 cyclopes
  3 orc sorcerers
  5 manticores
  A moth of wrath (Lair:1)
  Maurice (D:8)
  18 black mambas
  4 naga magi
  Joseph (D:8)
  13 vault sentinels
  17 elephants
  4 guardian serpents
  A gargoyle (D:12)
  A torpor snail (Lair:5)
  3 molten gargoyles (Volcano)
  7 cane toads
  Psyche (D:8)
  11 komodo dragons
  4 ice devils (IceCv)
  5 efreet
  A human zombie (Vaults:4)
  A tengu conjurer (D:14)
  16 yaktaurs
  A troll (shapeshifter) (D:14)
  9 trolls
  6 tyrant leeches
  A bloated husk (Swamp:3)
  4 hornets
  3 nameless horrors
  An elf zombie (Vaults:4)
  A raiju (shapeshifter) (D:14)
  3 polar bears
  9 dream sheep
  5 blink frogs (Lair:2)
  13 slime creatures
  2 vampires
  8 spriggans
  A ynoxinul (D:8)
  59 yaks
  5 wraiths
  Grum (D:8)
  A shadow (D:13)
  An air elemental (Elf:2)
  5 basilisks
  20 humans (D:14)
  4 wyverns
  3 redbacks
  3 steam dragons
  3 fire elementals (Volcano)
  8 minotaur simulacra (IceCv)
  9 vampire mosquitoes
  Edmund (D:5)
  17 nagas
  9 swamp worms
  5 wargs
  2 acid dragons
  15 water moccasins
  2 hell hounds (Lair:2)
  5 swamp drakes
  Pargi (D:3)
  An ice beast (D:6)
  49 orc warriors
  2 sky beasts
  20 centaurs
  26 wolves
  6 ogres
  2 phantoms
  2 kobold brigands
  15 bullfrogs
  3 gnoll sergeants
  3 scorpions
  3 earth elementals (Volcano)
  9 wights (D:8)
  5 deep troll simulacra (IceCv)
  4 lindwurm simulacra (IceCv)
  2 electric eels
  14 howler monkeys
  11 lava snakes
  4 hounds
  5 jellies
  11 orc priests
  Crazy Yiuf (D:2)
  A gnoll bouda (Orc:2)
  4 iguanas
  A sleepcap (D:6)
  20 orc wizards
  A centaur simulacrum (D:9)
  25 gnolls
  8 adders
  A shadow imp (D:6)
  A white imp (D:5)
  An ufetubus (D:4)
  A dart slug (D:5)
  98 orcs
  8 endoplasms
  3 giant cockroaches
  39 goblins
  29 hobgoblins
  7 jackals
  16 kobolds
  4 quokkas
  5 ball pythons
  6 bats
  3 frilled lizards (D:1)
  3 rats
  A butterfly (Lair:4)
  3 fire vortices (Volcano)
1193 creatures vanquished.

Vanquished Creatures (collateral kills)
  Mara (Vaults:2)
  A thorn hunter (Swamp:2)
  A sphinx (Vaults:4)
  Agnes (Elf:2)
  Donald (Orc:2)
  3 nagarajas (Snake:4)
  Roxanne (Elf:2)
  4 vault wardens
  Aizul (Snake:4)
  Louise (Snake:4)
  4 very ugly things (Vaults:2)
  5 ironbound preservers
  An ironbound thunderhulk (Vaults:1)
  An eleionoma (Swamp:2)
  2 bunyips
  2 dire elephants
  An entropy weaver (Vaults:4)
  2 fire dragons (Swamp:4)
  The ghost of FacelessVoid the Slicer, a journeyman KoBr of Dithmenos (Lair:3)
  5 yaktaur captains
  2 great orbs of eyes (Vaults:4)
  6 vault guards
  An ice dragon (D:13)
  6 centaur warriors
  6 hydras
  7 ironbound frosthearts
  2 salamander tyrants
  A caustic shrike simulacrum (IceCv)
  6 anacondas
  An ogre mage (D:15)
  8 two-headed ogres (D:15)
  8 dancing weapons (Elf:2)
  9 naga warriors
  2 alligators
  14 naga sharpshooters
  3 shock serpents
  3 deep elf knights (Elf:2)
  A fire crab (Swamp:4)
  2 salamander mystics
  3 goliath frogs (Swamp:3)
  A sea snake (Snake:2)
  A glowing orange brain (Vaults:2)
  4 swamp dragons
  A death drake (Swamp:3)
  3 spriggan druids
  27 deep trolls
  2 naga ritualists
  2 spriggan simulacra (IceCv)
  A bog body (IceCv)
  4 deep elf archers
  A wizard (Vaults:4)
  2 orc knights (Vaults:1)
  5 lindwurms
  7 deep elf zephyrmancers
  A necromancer (Vaults:4)
  5 ironbound convokers
  4 mana vipers
  6 deep elf pyromancers
  5 will-o-the-wisps
  8 ugly things
  A cyclops (D:10)
  A nameless horror (Snake:3)
  8 salamanders
  A human skeleton (Vaults:4)
  8 vault sentinels
  15 black mambas
  3 guardian serpents
  13 naga magi
  14 yaktaurs
  2 freezing wraiths (IceCv)
  An anaconda simulacrum (IceCv)
  5 ice devils (IceCv)
  3 tyrant leeches
  3 hornets
  12 slime creatures
  A culicivora (Vaults:4)
  8 spriggans
  A yak (D:10)
  A redback (Vaults:1)
  2 hogs
  4 vampire mosquitoes (Swamp:2)
  A steam dragon (Swamp:4)
  4 minotaur simulacra (IceCv)
  23 nagas
  7 swamp worms
  A water moccasin (Lair:3)
  5 swamp drakes
  An orc warrior (Orc:2)
  An alligator simulacrum (IceCv)
  An ettin simulacrum (IceCv)
  3 centaurs
  An elf simulacrum (Vaults:4)
  A deep troll simulacrum (IceCv)
  A wight (Vaults:3)
  2 lindwurm simulacra (IceCv)
  An orc wizard (Orc:2)
380 creatures vanquished.

Vanquished Creatures (others)
  2 swamp dragons (Swamp:4)
  A slime creature (D:14)
  2 steam dragons (Swamp:4)
  3 swamp drakes (Swamp:4)
  9 foxfires
  97 fungi
  126 plants
240 creatures vanquished.

Grand Total: 1813 creatures vanquished

Notes
Turn   | Place    | Note
-------+----------+-------------------------------------------
     0 | D:1      | cforsyth the Deep Elf Earth Elementalist began the quest
                  | for the Orb.
     0 | D:1      | Reached XP level 1. HP: 10/10 MP: 6/6
   151 | D:1      | Reached XP level 2. HP: 15/15 MP: 0/8
   733 | D:1      | Found a faded altar of an unknown god.
   929 | D:1      | Reached XP level 3. HP: 19/19 MP: 8/10
  1846 | D:2      | Identified the +2 ring mail of Ovat {Str-3 Int+2 Slay+3}
  1909 | D:2      | Found a runed translucent door.
  1910 | D:2      | Noticed Crazy Yiuf
  2124 | D:3      | Found an iron altar of Okawaru.
  2299 | D:3      | Reached XP level 4. HP: 24/24 MP: 8/12
  2303 | D:3      | Reached skill level 5 in Spellcasting
  2559 | D:3      | Reached skill level 5 in Earth Magic
  2559 | D:3      | Reached XP level 5. HP: 28/28 MP: 11/15
  2810 | D:3      | Noticed Pargi
  2815 | D:3      | Killed Pargi
  2816 | D:3      | Reached XP level 6. HP: 23/32 MP: 12/17
  3927 | D:4      | Reached XP level 7. HP: 36/36 MP: 17/20
  4359 | D:5      | Entered Level 5 of the Dungeon
  4493 | D:5      | Noticed Edmund
  4501 | D:5      | Killed Edmund
  4685 | D:5      | Reached XP level 8. HP: 41/41 MP: 19/23
  4860 | D:5      | Found a staircase to the Ecumenical Temple.
  4878 | Temple   | Entered the Ecumenical Temple
  4935 | Temple   | Became a worshipper of Vehumet
  5022 | D:5      | Reached skill level 10 in Spellcasting
  5515 | D:6      | Identified the +0 leather armour "Caqoar" {rN+ rCorr
                  | Stlth+}
  6038 | D:6      | Reached XP level 9. HP: 45/45 MP: 24/26
  6153 | D:6      | Reached * piety under Vehumet
  6153 | D:6      | Offered knowledge of Magic Dart by Vehumet.
  6479 | D:2      | Killed Crazy Yiuf
  6630 | D:7      | Reached skill level 10 in Earth Magic
  6636 | D:7      | Found a hazy altar of Hepliaklqana.
  6780 | D:7      | Found a stormy altar of Qazlal.
  7048 | D:7      | Found an opulent altar of Gozag.
  7050 | D:7      | Found a hide-covered altar of Uskayaw.
  7193 | D:7      | Found a broken altar of Ashenzari.
  7193 | D:7      | Found a glowing silver altar of Zin.
  7201 | D:7      | Found a faded altar of an unknown god.
  7203 | D:7      | Found a sacrificial altar of Ru.
  7205 | D:7      | Found a faded altar of an unknown god.
  7584 | D:8      | Noticed Joseph
  7602 | D:8      | Killed Joseph
  7740 | D:8      | Learned a level 3 spell: Stone Arrow
  7747 | D:8      | Learned a level 6 spell: Iron Shot
  7917 | D:8      | Offered knowledge of Static Discharge by Vehumet.
  7926 | D:8      | Reached ** piety under Vehumet
  7940 | D:8      | Reached XP level 10. HP: 20/50 MP: 12/29
  8125 | D:8      | Noticed a two-headed ogre
  8131 | D:8      | Killed a two-headed ogre
  8156 | D:8      | Found an ornate altar of the Wu Jian Council.
  8156 | D:8      | Found a sparkling altar of Nemelex Xobeh.
  8317 | D:8      | Found a bloodstained altar of Trog.
  8323 | D:8      | Reached skill level 1 in Fighting
  8333 | D:8      | Found a shimmering blue altar of Sif Muna.
  8337 | D:8      | Got Sif Muna's Reference Book on the Helpful Mountains
  8382 | D:8      | Noticed Maurice
  8450 | D:8      | Killed Maurice
  8765 | D:8      | Reached skill level 5 in Dodging
  8768 | D:8      | Offered knowledge of Mephitic Cloud by Vehumet.
  8781 | D:8      | Learned a level 3 spell: Mephitic Cloud
  8920 | D:8      | Noticed Psyche
  8926 | D:8      | Killed Psyche
  8957 | D:8      | Noticed Grum
  8971 | D:8      | Killed Grum
  9040 | D:8      | Noticed a two-headed ogre
  9044 | D:8      | Killed a two-headed ogre
  9369 | D:9      | Reached *** piety under Vehumet
  9370 | D:9      | Reached XP level 11. HP: 62/62 MP: 27/30
  9465 | D:9      | Offered knowledge of Hailstorm by Vehumet.
  9851 | D:9      | Reached skill level 5 in Fighting
  9933 | D:9      | Noticed a two-headed ogre
  9940 | D:9      | Killed a two-headed ogre
 10206 | D:9      | Found an ancient bone altar of Kikubaaqudgha.
 10359 | D:9      | Found a staircase to the Lair.
 10413 | D:9      | Found a staircase to the Orcish Mines.
 10521 | D:10     | Entered Level 10 of the Dungeon
 10718 | D:10     | Found a transporter.
 10721 | D:10     | Noticed an ogre mage
 10721 | D:10     | Noticed drewk1942's ghost (journeyman MiFi)
 10738 | D:10     | Reached **** piety under Vehumet
 10739 | D:10     | Noticed Nergalle
 10749 | D:10     | Killed Nergalle
 10975 | D:10     | Found a transporter.
 11235 | D:10     | Noticed a two-headed ogre
 11239 | D:10     | Killed a two-headed ogre
 11523 | D:10     | Offered knowledge of Ignite Poison by Vehumet.
 11530 | D:11     | Reached skill level 10 in Dodging
 11786 | D:11     | Found a radiant altar of Vehumet.
 12279 | D:11     | Noticed Erica
 12286 | D:11     | Killed Erica
 12558 | D:12     | Noticed a skeletal warrior
 12559 | D:12     | Noticed a skeletal warrior
 12572 | D:12     | Reached XP level 12. HP: 73/73 MP: 31/31
 12804 | D:12     | Noticed a boulder beetle
 12808 | D:13     | Noticed a boulder beetle
 13169 | D:12     | Noticed a two-headed ogre
 13178 | D:12     | Killed a two-headed ogre
 13425 | D:12     | Reached ***** piety under Vehumet
 14094 | Lair:1   | Entered Level 1 of the Lair of Beasts
 14194 | Lair:1   | Noticed a catoblepas
 14207 | Lair:1   | Killed a catoblepas
 14386 | Lair:1   | Offered knowledge of Lightning Bolt by Vehumet.
 14719 | Lair:1   | Found a transporter.
 14724 | Lair:1   | Noticed luigi's ghost (journeyman DsEE)
 14728 | Lair:1   | Found a transporter.
 15411 | Lair:1   | Found a bloodstained altar of Trog.
 15627 | Lair:2   | Found a dark tunnel.
 15683 | Volcano  | Entered a volcano
 16288 | Volcano  | Reached skill level 10 in Fighting
 16288 | Volcano  | Reached XP level 13. HP: 82/82 MP: 28/32
 16324 | Volcano  | Reached skill level 1 in Conjurations
 16466 | Volcano  | Learned a level 5 spell: Yara's Violent Unravelling
 17386 | Lair:2   | Found a staircase to the Snake Pit.
 17477 | Lair:2   | Found a broken altar of Ashenzari.
 17642 | Lair:2   | Reached skill level 5 in Conjurations
 18797 | Lair:2   | Found a staircase to the Swamp.
 19157 | Lair:2   | Noticed a dire elephant
 19161 | Lair:2   | Killed a dire elephant
 19908 | Lair:3   | Found a transporter.
 19923 | Lair:3   | Found a transporter.
 20276 | Lair:3   | Noticed FacelessVoid's ghost (journeyman KoBr)
 20304 | Lair:3   | Reached skill level 10 in Conjurations
 20860 | Lair:3   | Identified the +2 pair of boots "Lorpheaf" {rPois Slay+3}
 21270 | Lair:4   | You fall into a shaft and drop 1 floor!
 21270 | Lair:5   | Entered Level 5 of the Lair of Beasts
 21986 | Lair:4   | Found a staircase to the Slime Pits.
 21986 | Lair:4   | Found a viscous altar of Jiyva.
 23206 | Lair:4   | Reached XP level 14. HP: 88/88 MP: 20/33
 24948 | Lair:5   | Offered knowledge of Conjure Ball Lightning by Vehumet.
 25829 | Lair:5   | Noticed Snorg
 25832 | Lair:5   | Killed Snorg
 28339 | Orc:1    | Entered Level 1 of the Orcish Mines
 28769 | Orc:1    | Reached skill level 1 in Shields
 28769 | Orc:1    | Reached skill level 15 in Earth Magic
 29505 | Orc:2    | Entered Level 2 of the Orcish Mines
 29660 | Orc:2    | Found Gitay's Distillery.
 29706 | Orc:2    | Noticed Donald
 29720 | Orc:2    | Learned a level 3 spell: Tukima's Dance
 29793 | Orc:2    | Reached XP level 15. HP: 92/92 MP: 27/34
 30206 | Orc:2    | Offered knowledge of Spellforged Servitor by Vehumet.
 30228 | Orc:2    | Learned a level 7 spell: Spellforged Servitor
 30257 | Orc:2    | Found a staircase to the Elven Halls.
 30353 | Orc:1    | Reached skill level 1 in Summonings
 30622 | Orc:2    | Found Loky's Armour Shop.
 30622 | Orc:2    | Found Kytiym's General Store.
 30624 | Orc:2    | Found Liana's General Store.
 30626 | Orc:2    | Found Ihaum's Book Boutique.
 31068 | D:12     | Found a portal to a secret trove of treasure.
 31487 | D:13     | Found the +2 shield of Resistance {rF++ rC++ Will++}
 31488 | D:13     | Found a runed translucent door.
 31491 | D:13     | Found a runed translucent door.
 32312 | D:14     | Reached skill level 5 in Summonings
 32319 | D:14     | Reached skill level 5 in Shields
 32378 | D:14     | Found a white marble altar of Elyvilon.
 32402 | D:14     | You fall into a shaft and drop 1 floor!
 32402 | D:15     | Entered Level 15 of the Dungeon
 33570 | D:14     | Offered knowledge of Fireball by Vehumet.
 33652 | D:14     | Learned a level 5 spell: Fireball
 33675 | D:14     | Found a gate to the Vaults.
 34161 | D:14     | Reached skill level 10 in Summonings
 34659 | D:15     | Reached XP level 16. HP: 97/97 MP: 1/35
 35267 | D:15     | Found a staircase to the Depths.
 35807 | Orc:2    | Killed Donald
 36650 | Snake:1  | Entered Level 1 of the Snake Pit
 37137 | Snake:1  | Learned a level 2 spell: Blink
 37168 | Snake:1  | Found a hazy altar of Hepliaklqana.
 37806 | Snake:2  | Reached skill level 15 in Dodging
 38071 | Snake:2  | Reached ****** piety under Vehumet
 38449 | Snake:2  | Offered knowledge of Irradiate by Vehumet.
 38456 | Snake:2  | Learned a level 5 spell: Irradiate
 38694 | Snake:2  | Noticed Vashnia
 38728 | Snake:2  | Killed Vashnia
 39528 | Snake:2  | Found Daphael's Desiderata Depot.
 39551 | Snake:2  | Bought a manual of Dodging for 1360 gold pieces
 39941 | Snake:3  | Found Etzoorph's Distillery.
 39941 | Snake:3  | Found Munegug's Jewellery Boutique.
 39942 | Snake:3  | Found Heblesh's General Store.
 39944 | Snake:3  | Found Fokab's Magic Scroll Shop.
 39961 | Snake:3  | Bought 2 potions of magic for 240 gold pieces
 40013 | Snake:3  | Reached XP level 17. HP: 102/106 MP: 18/36
 40761 | Snake:4  | Entered Level 4 of the Snake Pit
 40825 | Snake:4  | Found a basalt altar of Yredelemnul.
 40998 | Snake:4  | Identified a scroll of acquirement
 41039 | Snake:4  | Noticed Louise
 41043 | Snake:4  | Killed Louise
 41296 | Snake:4  | Offered knowledge of Lee's Rapid Deconstruction by Vehumet.
 41880 | Snake:4  | Noticed Nikola
 41888 | Snake:4  | Noticed Aizul
 41889 | Snake:4  | Killed Nikola
 41898 | Snake:4  | Killed Aizul
 42529 | Snake:4  | Noticed Kirke
 42602 | Snake:3  | Killed Kirke
 42934 | Snake:4  | Got a serpentine rune of Zot
 43395 | D:10     | Killed drewk1942's ghost
 43778 | Lair:1   | Killed luigi's ghost
 43779 | Lair:1   | Reached skill level 10 in Shields
 44327 | Lair:3   | Killed FacelessVoid's ghost
 44352 | Lair:3   | Identified the ring of the Writhing Gods {AC+4 Stlth+}
 44468 | Swamp:1  | Entered Level 1 of the Swamp
 44732 | Swamp:1  | Offered knowledge of Starburst by Vehumet.
 44760 | Swamp:1  | Reached XP level 18. HP: 114/114 MP: 26/38
 44969 | Swamp:1  | Found a hazy altar of Hepliaklqana.
 45149 | Swamp:1  | Found a runed translucent gate.
 45149 | Swamp:1  | Found a runed translucent gate.
 45149 | Swamp:1  | Found a runed translucent gate.
 45149 | Swamp:1  | Noticed elongatedgoose's ghost (journeyman MiFi)
 45330 | Swamp:1  | Noticed Frances
 45335 | Swamp:1  | Killed Frances
 45484 | Swamp:1  | Killed elongatedgoose's ghost
 45753 | Swamp:1  | Acquired 825 gold pieces
 46669 | Swamp:2  | You fall into a shaft and drop 1 floor!
 46681 | Swamp:3  | Reached skill level 15 in Spellcasting
 46861 | Swamp:3  | Identified the +1 chain mail "Caokk" {rElec rPois}
 47480 | Swamp:4  | Entered Level 4 of the Swamp
 47482 | Swamp:4  | Offered knowledge of Lehudib's Crystal Spear by Vehumet.
 47482 | Swamp:4  | Offered knowledge of Shatter by Vehumet.
 47482 | Swamp:4  | Offered knowledge of Chain Lightning by Vehumet.
 47841 | Swamp:4  | Reached skill level 15 in Conjurations
 48885 | Swamp:4  | Got a decaying rune of Zot
 49756 | Vaults:1 | Entered Level 1 of the Vaults
 50779 | Vaults:1 | Reached XP level 19. HP: 89/120 MP: 19/41
 52076 | Vaults:1 | Learned a level 8 spell: Lehudib's Crystal Spear
 53149 | Vaults:2 | Found Hasoxt's Antique Armour Shop.
 53323 | Vaults:2 | Noticed Mara
 53334 | Vaults:2 | Killed Mara
 53856 | Vaults:2 | Noticed a golden dragon
 53910 | Vaults:2 | Killed a golden dragon
 55202 | Vaults:3 | Reached XP level 20. HP: 126/126 MP: 33/44
 55757 | Vaults:3 | Found a staircase to the Crypt.
 55805 | Vaults:3 | Found a runed translucent door.
 55807 | Vaults:3 | Noticed Pileu's ghost (adept DsFE)
 56367 | Vaults:3 | Found the +18 shield of the Gong {Loud rN+ Will+ rCorr
                  | EV-5}
 58009 | Vaults:4 | Identified the +5 mace of Invincibility {heavy, rPois rC+
                  | Int-5}
 58505 | Orc:2    | Bought the +1 dagger of Axzoril {drain, Int+3 Dex+5} for
                  | 583 gold pieces
 58511 | Orc:2    | Bought a +2 cloak of preservation for 344 gold pieces
 59790 | Elf:1    | Entered Level 1 of the Elven Halls
 60181 | Elf:1    | You fall into a shaft and drop 1 floor!
 60211 | Elf:2    | Found a frozen archway.
 60238 | Elf:2    | Noticed Agnes
 60246 | Elf:2    | Killed Agnes
 60284 | IceCv    | Entered an ice cave
 61440 | IceCv    | Reached XP level 21. HP: 131/131 MP: 25/48
 61918 | Elf:2    | Identified the +5 trident "cforsyth's Bane" {freeze, Int+2}
 62118 | Elf:2    | Learned a level 9 spell: Shatter
 62124 | Elf:2    | Learned a level 5 spell: Iskenderun's Battlesphere
 62139 | Elf:2    | Found a runed translucent gate.
 62140 | Elf:2    | Found a runed translucent gate.
 62151 | Elf:2    | Found a runed translucent gate.
 62320 | Elf:2    | Noticed Roxanne
 62323 | Elf:2    | Killed Roxanne
 62510 | Elf:2    | Found an ancient bone altar of Kikubaaqudgha.
 63155 | Elf:3    | Entered Level 3 of the Elven Halls
 63270 | Elf:1    | HP: 6/131 [deep elf zephyrmancer/bolt of lightning (35)]
 63273 | Elf:1    | Killed from afar by a deep elf zephyrmancer

Illustrated notes

Levels and vault maps discovered:
D:1:      minmay_arrival_doors, layout_loops_corners,
          dreamdust_ecumenical_altar_statues, minmay_pentomino_v2
D:2:      layout_loops_ring, uniq_crazy_yiuf_cottage
D:3:      minmay_goblin_kobold_castle, layout_basic, okawaru_ov_weapons_minmay,
          uniq_pargi
D:4:      layout_cave_pools
D:5:      wander_river, layout_loops_corners, minmay_temple_entry_junction_2,
          uniq_edmund
D:6:      layout_basic, nicolae_elevator_lobby_asterisk
D:7:      layout_rooms, chequers_temple_overflow_minitemple,
          grunt_temple_overflow_open, amcnicky_altar_gilded
D:8:      layout_gridville, nzn_overflow_gifts_of_might_and_magic,
          gammafunk_temple_overflow_elements, special_room [special_room_orc],
          uniq_maurice, uniq_grum, uniq_joseph, uniq_psyche
D:9:      layout_basic, lemuel_doored_altar, david_lair_shrubbed,
          hiddenorc1_lemuel, lightli_fourway_metalbox
D:10:     layout_irregular_city, gammafunk_ghost_arena, minmay_strange_pillars,
          fountainhead, grunt_ministairs_4, uniq_nergalle
D:11:     minmay_goldmine, layout_irregular_city, vehumet_crystals, uniq_fannar,
          uniq_erica
D:12:     layout_basic, enter_trove_5
D:13:     layout_stronghold, minmay_guarded_unrand_resistance
D:14:     layout_basic, grunt_vaults_entry_tiered, elyvilon_altar_5
D:15:     hangedman_depths_entry_try_elsewhere_first, layout_basic,
          roderic_roman_lattice
Temple:   nicolae_temple_figure_zero
Lair:1:   layout_regular_city, gammafunk_ghost_wrathful_warriors,
          serial_bayou_lake_a
Lair:2:   mu_elephants_graveyard, layout_hall_layers, minmay_swamp_entry_worms,
          nicolae_snake_entry_warm_welcome, basic_altar, enter_volcano_3
Lair:3:   layout_regular_city, nzn_ghost_randoct,
          chequers_serial_rivers_small_b, st_stairs_3, minivault_27,
          lemuel_fruit_tree
Lair:4:   layout_cave_pods, nicolae_slime_entry_slimehenge, lemuel_fruit_fields
Lair:5:   evilmike_catoblepas_cave, layout_gridlike, uniq_snorg
Swamp:1:  layout_falls_marsh, gammafunk_ghost_hydra_chop,
          evilmike_swamp_ruin_rubble_1, swamp_pool3,
          nicolae_swamp_feature_on_the_river_bank, uniq_frances
Swamp:2:  layout_falls_marsh, nicolae_swamp_stair_fork, swamp_pool1,
          nicolae_swamp_drake_lake
Swamp:3:  layout_falls_marsh, evilmike_swamp_ruin_rubble_2, swamp_pool3,
          infiniplex_staircase_pool_2
Swamp:4:  swamp_fiery, layout_basic_swamp
Snake:1:  layout_misc_corridors, basic_altar
Snake:2:  layout_basic, nicolae_alphabet_shops, minmay_snake_pond,
          grunt_megastairs_2, uniq_vashnia
Snake:3:  layout_misc_corridors, st_stairs_13, serial_bayou_shore_a,
          serial_bayou_shore_b, minmay_shoptagon
Snake:4:  grunt_snake_rune_serpentine_throne, layout_misc_corridors,
          basic_altar, uniq_louise, uniq_kirke, uniq_nikola, uniq_aizul
Orc:1:    layout_caves, special_room [special_room_orc]
Orc:2:    st_orc_rangers, layout_caves, serial_shops, nicolae_diamond_shop,
          uniq_donald
Elf:1:    minmay_elf_arrival_circle, layout_geoelf_grid,
          kennysheep_underground_church
Elf:2:    elven_hall_of_blades_hangedman_original
          [nicolae_blade_entry_sentries_behind_glass], layout_loops_cross,
          portal_ice_cave_entry_pillars_1, basic_altar, uniq_agnes, uniq_roxanne
Elf:3:    minmay_elf_hall_x, layout_geoelf_grid
Vaults:1: dpeg_vaults_monster_row, nicolae_vaults_disjoint_gnomons, v_pattern_2,
          grunt_vaults_funnel, v_rooms_4, vaults_room_pool,
          nicolae_vaults_gold_heap, nicolae_vaults_diagonal_hallway_8,
          vaults_room_hallway, v_misc_26, vaults_room_ringed_pool,
          hangedman_vaults_stretched_pinwheel, vaults_dpeg_spiral,
          vaults_dpeg_encased_lava, vaults_room_stairs_pillars,
          nicolae_vaults_asterisk, layout_vaults_ring
Vaults:2: nicolae_vaults_little_squares_6, grunt_vaults_hallway_long,
          nicolae_vaults_halls_meeting, hangedman_vaults_maws, v_misc_1,
          grunt_vaults_focal, nicolae_vaults_theta,
          vaults_standard_mumra_enter_the_diamond, vaults_room_corners,
          v_misc_12, layout_vaults_chaotic_city, serial_shops,
          nicolae_shop_waterfront, uniq_mara
Vaults:3: ebering_ghost_reflecting_pool, blue_anna_dwarven_crypt, v_rooms_1,
          nicolae_vaults_angled_halls, vaults_room_grunt_arrival_checkpoint,
          vaults_dpeg_cross, vaults_room_fancy_cross,
          hellmonk_guarded_unrand_gong, vaults_room_pool, vaults_dpeg_ring,
          layout_vaults_omnigrid
Vaults:4: vaults_standard_mumra_x, v_misc_4, hangedman_vaults_corner_blocks,
          vaults_room_semicircle, nicolae_vaults_triangles,
          nicolae_vaults_asterisk, ontoclasm_vaults_bender,
          ontoclasm_vaults_gateway, nicolae_vaults_little_squares_6, v_misc_8,
          ontoclasm_vaults_ring_square, nicolae_vaults_windows_and_doors_thing,
          hangedman_vaults_trim, v_pattern_3, v_misc_23,
          nicolae_vaults_ring_of_whatevers, nicolae_vaults_little_squares_6,
          layout_vaults_maze

Skill      XL: |  1  2  3  4  5  6  7  8  9 10 11 12 13 14 15 16 17 18 19 20 21 |
---------------+----------------------------------------------------------------+-----
Spellcasting   | 4 5 6 7 9 11 13 14 16 18 21 22 | 22.0
Earth Magic    | 4 5 6 7 9 11 12 15 16 17 19 21 22 | 22.4
Fighting       | 4 7 10 11 13 | 13.6
Dodging        | 7 11 14 15 | 15.0
Conjurations   | 12 13 14 15 17 | 17.5
Shields        | 2 5 7 10 | 10.0
Summonings     | 10 12 | 12.0
Stealth        | |  2.4
Transmutations | |  1.1

Action                     |  1- 3 |  4- 6 |  7- 9 | 10-12 | 13-15 | 16-18 | 19-21 || total
---------------------------+-------+-------+-------+-------+-------+-------+-------++-------
  Melee: Unarmed           |     1 |       |     2 |     3 |    44 |     2 |     1 ||    53
         Dagger            |       |       |       |       |       |       |     1 ||     1
   Cast: Sandblast         |    61 |   123 |   159 |   318 |    89 |     5 |     1 ||   756
         Stone Arrow       |       |       |     2 |   120 |   550 |   505 |   379 ||  1556
         Iron Shot         |       |       |       |    35 |   258 |   202 |   247 ||   742
         Tukima's Dance    |       |       |       |       |     1 |       |       ||     1
         Spellforged Servi |       |       |       |       |     3 |   131 |   126 ||   260
         Yara's Violent Un |       |       |       |       |       |     4 |       ||     4
         Iskenderun's Batt |       |       |       |       |       |       |    12 ||    12
  Evoke: Wand              |       |       |       |       |     6 |       |       ||     6
    Use: Scroll            |       |       |    13 |    10 |     8 |    11 |     5 ||    47
         Potion            |       |       |       |     1 |     4 |     5 |     1 ||    11
 Armour: Robe              |     3 |     7 |       |     2 |     3 |       |       ||    15
         Troll leather arm |       |    15 |    18 |   106 |    59 |    91 |    85 ||   374
         Leather armour    |       |       |       |       |   123 |       |       ||   123
  Dodge: Dodged            |    11 |    95 |    55 |   256 |   448 |   194 |   174 ||  1233
  Block: Buckler           |       |       |       |       |    89 |    21 |       ||   110
         Kite shield       |       |       |       |       |       |   209 |   184 ||   393
         Reflection        |       |       |       |       |       |     1 |       ||     1

Table legend: (Time is in decaauts)
 A = Elapsed time spent in this place.
 B = Non-inter-level travel time spent in this place.
 C = Inter-level travel time spent in this place.
 D = Time resting spent in this place.
 E = Time spent auto-exploring this place.
 F = Levels seen in this place.
 G = Mean time per level.
                   A        B        C        D        E       F      G
               +--------+--------+--------+--------+--------+-----+--------+
         Total |  64062 |  59825 |   4237 |  18510 |  29736 |  40 | 1601.6 |
       Dungeon |  21599 |  19233 |   2366 |   3932 |  12187 |  15 | 1439.9 |
        Temple |     69 |     57 |     12 |      0 |     50 |   1 |   69.0 |
          Lair |  14019 |  13227 |    792 |   5320 |   5364 |   5 | 2803.8 |
         Swamp |   4776 |   4613 |    163 |   1541 |   2243 |   4 | 1194.0 |
     Snake Pit |   6702 |   6493 |    209 |   2237 |   2739 |   4 | 1675.5 |
  Orcish Mines |   2665 |   2412 |    253 |    625 |   1169 |   2 | 1332.5 |
   Elven Halls |   1913 |   1878 |     35 |    217 |   1214 |   3 |  637.7 |
        Vaults |   9032 |   8629 |    403 |   2543 |   4242 |   4 | 2258.0 |
      Ice Cave |   1579 |   1579 |      0 |    783 |    475 |   1 | 1579.0 |
       Volcano |   1704 |   1704 |      0 |   1310 |     51 |   1 | 1704.0 |
               +--------+--------+--------+--------+--------+-----+--------+

Top non-repeatable levels by time:
  Lair:5: 3261 daAuts
  Lair:4: 3067 daAuts
  Lair:2: 2902 daAuts
    D:14: 2833 daAuts
Vaults:1: 2817 daAuts
 Snake:2: 2603 daAuts
  Lair:3: 2495 daAuts
  Lair:1: 2291 daAuts
Vaults:4: 2236 daAuts
Vaults:2: 2149 daAuts
     D:8: 2135 daAuts
    D:12: 1978 daAuts
 Snake:4: 1931 daAuts
     D:3: 1842 daAuts
Vaults:3: 1828 daAuts
